 Dungeon Crawl Stone Soup version 0.28.0 (webtiles) character file.

Game seed: 2711389289799110143

2 pkoi the Gusty (level 1, 0/14 HPs)
             Began as a Draconian Air Elementalist on Feb 16, 2022.
             Slain by a kobold (6 damage)
             ... on level 1 of the Dungeon.
             The game lasted 00:00:54 (54 turns).

pkoi the Gusty (Draconian Air Elementalist)           Turns: 54, Time: 00:00:55

Health: 0/14       AC:  4    Str: 10    XL:     1   Next: 25%
Magic:  0/3        EV: 12    Int: 15    God:
Gold:   0          SH:  0    Dex: 11    Spells: 3/4 levels left

rFire   . . .      SeeInvis .   (no weapon)
rCold   . . .      Faith    .   (no shield)
rNeg    . . .      Spirit   .   (armour unavailable)
rPois   .          Reflect  .   (helmet restricted)
rElec   .          Harm     .   (no cloak)
rCorr   .          Rampage  .   (no gloves)
Will    .....                   (no boots)
Stlth   ++........              (no amulet)
HPRegen 0.04/turn               (no ring)
MPRegen 0.08/turn               (no ring)

@: no status effects
A: AC +4, unfitting armour, cold-blooded
a: no special abilities


You were on level 1 of the Dungeon.
You visited 1 branch of the dungeon, and saw 1 of its levels.

You aren't carrying anything.


   Skills:
 - Level 1.7 Dodging
 - Level 1.7 Stealth
 - Level 2.0 Spellcasting
 - Level 1.0 Conjurations
 + Level 3.1 Air Magic


You had 3 spell levels left.
You knew the following spells:

 Your Spells              Type           Power      Damage    Failure   Level
a - Shock                 Conj/Air       28%        1d4       10%         1

Your spell library contained the following spells:

 Spells                   Type           Power      Damage    Failure   Level
 Static Discharge         Conj/Air       7%         N/A       14%         2
 Swiftness                Air            10%        N/A       19%         3
 Airstrike                Air            5%         N/A       52%         4


Dungeon Overview and Level Annotations

Branches:
Dungeon (1/15)

Altars:


Innate Abilities, Weirdness & Mutations

Your plain brown scales are hard. (AC +4)
You cannot fit into any form of body armour.
You are cold-blooded and may be slowed by cold attacks.


Message History

The rat bites you.
* * * LOW HITPOINT WARNING * * *
You don't have enough magic to cast this spell.
You don't have enough magic to cast this spell.
Unknown command.
You closely miss the rat.
The rat is severely wounded.
The rat bites you but does no damage.
You barely miss the rat.
The rat is moderately wounded.
The rat closely misses you.
You hit the rat.
You kill the rat!
The kobold throws a stone.
The stone hits you.
* * * LOW HITPOINT WARNING * * *
Aiming: Shock (safe; 10% risk of failure)
Press: ? - help, Q - select action Shift-Dir - straight line, f - kobold
Aim: a kobold, wielding a +2 whip of flaming and quivering stones (60% to hit)
The zap misses the kobold.
The kobold throws a stone.
The stone hits you.
* * * LOW HITPOINT WARNING * * *
The kobold throws a stone.
The stone hits you but does no damage.
The kobold throws a stone.
The stone hits you.
* * * LOW HITPOINT WARNING * * *
The kobold throws a stone.
The stone hits you but does no damage.
There is an open door here.
The kobold throws a stone.
The stone barely misses you.
The kobold throws a stone.
The stone hits you but does no damage.
Aiming: Shock (safe; 10% risk of failure)
Press: ? - help, Q - select action Shift-Dir - straight line, f/p - kobold
Aim: a kobold, wielding a +2 whip of flaming and quivering stones (60% to hit)
You miscast Shock.
You are very lightly contaminated with residual magic.
Nothing appears to happen.
There is a staircase leading out of the dungeon here.
There is a staircase leading out of the dungeon here.
The kobold throws a stone.
The stone barely misses you.
Your magical contamination has completely faded away.
The kobold hits you with a +2 whip of flaming.
You die...

#.#####.#
#.......######
##.###.......#
#+###'#####.#
#.≈#≈.#
#.≈≈≈.#
#.≈8≈.#
#..K..#
#♣.@.♣#
#P♣.♣P#
##P.P##
#P#<#P#
##.♣.## #♣#♣#


You could see a kobold.

Vanquished Creatures
  A goblin (D:1)
  A rat (D:1)
2 creatures vanquished.

Notes
Turn   | Place    | Note
-------+----------+-------------------------------------------
     0 | D:1      | pkoi the Draconian Air Elementalist began the quest for the
                  | Orb.
     0 | D:1      | Reached XP level 1. HP: 14/14 MP: 3/3
    54 | D:1      | Slain by a kobold

Illustrated notes

Levels and vault maps discovered:
D:1:      tarquinn_simple_flora_water_d, layout_basic, minmay_close_crescents

Action                   || total
-------------------------++-------
Melee: Unarmed           ||     7
 Cast: Shock             ||     4
Armor: Skin              ||     4
Dodge: Dodged            ||     5
